Map: Ulrena

Players

Fmtc - Winner!

  • Race: Zerg Zerg
  • League: Master

Miszu

  • Race: Terran Terran
  • League: Master

VOD

Have the link to the VOD?

Description

Time

  • Played on: Feb. 2, 2016, 5:45 p.m.
  • Length: 7:49
Show
View Real Time Build Order
Export as new Build Order

Fmtc Zerg - Winner!

Build Orders: Hatch First 

Get SALT Encoding   

  12  0:01  Drone  
  13  0:13  Overlord  
  13  0:17  Drone  
  14  0:31  Drone x2  
  16  0:35  Drone  
  17  0:53  Hatchery  
  17  0:55  Drone  
  17  0:59  Drone  
  18  1:09  Extractor  
  17  1:14  Spawning Pool  
  17  1:17  Drone  
  17  1:21  Drone  
  18  1:38  Drone  
  19  1:41  Overlord  
  19  1:56  Drone  
  19  2:00  Queen  
  22  2:02  Drone  
  22  2:04  Queen  
  22  2:05  Drone  
  26  2:13  Metabolic Boost  
  26  2:16  Drone x2  
  28  2:23  Drone  
  29  2:33  Drone  
  30  2:37  Hatchery  
  30  2:39  Drone  
  30  2:45  Queen  
  30  2:49  Zergling x2  
  30  2:50  Zergling x2  
  34  2:58  Overlord  
  34  3:00  Zergling x2  
  34  3:01  Zergling x2  
  36  3:14  Overlord  
  36  3:17  Drone x6  
  36  3:18  Drone  
  43  3:30  Drone  
  43  3:31  Overlord  
  44  3:35  Queen  
  46  3:41  Roach Warren, Drone  
  46  3:43  Extractor, Drone  
  46  3:45  Drone  
  47  3:55  Overlord  
  47  3:57  Drone x4  
  47  3:58  Drone  
  52  4:08  Zergling x4  
  52  4:09  Zergling x4  
  56  4:20  Lair  
  56  4:21  Extractor  
  56  4:22  Overlord  
  56  4:23  Drone  
  56  4:24  Drone x5  
  59  4:40  Zergling x4  
  61  4:48  Extractor, Drone x2  
  61  4:49  Drone x2  
  61  4:51  Drone x2  
  66  5:00  Overlord x3  
  66  5:02  Overlord  
  66  5:04  Drone  
  66  5:05  Drone x4  
  71  5:13  Zergling x2  
  71  5:14  Zergling x2  
  72  5:19  Roach  
  72  5:20  Roach x2  
  78  5:24  Glial Reconstitution  
  78  5:27  Roach  
  78  5:28  Roach x7  
  92  5:33  Roach  
  92  5:35  Roach  
  96  5:36  Queen  
  98  5:44  Roach x2  
  100  5:52  Ravager x2  
  100  5:54  Overlord x2  
  97  5:59  Zergling x22  
  88  6:23  Overlord, Extractor  
  88  6:24  Extractor  
  88  6:25  Ravager x4  
  90  6:30  Roach x7  
  90  6:31  Overseer  
  104  6:41  Zergling x2  
  104  6:42  Zergling x4  
  107  6:49  Overlord x2  
  107  6:59  Roach x8  
  122  7:07  Hatchery  
  116  7:13  Evolution Chamber  
  116  7:14  Zergling x2, Evolution Chamber  
  116  7:15  Zergling x12  
  116  7:22  Zergling x2  
  109  7:23  Zergling x8  
  109  7:29  Ravager x2  
  111  7:32  Zergling x2  
Show
View Real Time Build Order
Export as new Build Order

Miszu Terran 

Build Orders:  

Get SALT Encoding   

  12  0:00  SCV  
  13  0:12  SCV  
  14  0:17  Supply Depot  
  14  0:25  SCV  
  15  0:39  SCV  
  16  0:44  Barracks  
  16  0:46  Refinery  
  16  0:51  SCV  
  17  1:03  SCV  
  18  1:18  SCV  
  19  1:30  Orbital Command  
  19  1:32  Barracks Reactor  
  19  1:42  Command Center  
  19  1:49  Supply Depot  
  19  1:56  SCV  
  20  2:09  Reaper x2  
  20  2:10  SCV  
  20  2:12  Refinery  
  23  2:22  SCV  
  24  2:29  Barracks  
  24  2:30  Barracks  
  24  2:34  SCV  
  25  2:41  Reaper x2  
  27  2:46  SCV  
  28  2:54  Orbital Command  
  28  3:01  SCV  
  29  3:06  Factory  
  29  3:13  Marine x2, SCV  
  29  3:17  Barracks Tech Lab  
  32  3:25  SCV x2  
  34  3:28  Barracks Tech Lab  
  34  3:37  SCV x2  
  34  3:38  Marine  
  34  3:39  Stimpack  
  37  3:42  Marine  
  37  3:46  Marine  
  39  3:49  SCV  
  39  3:50  Starport, SCV  
  39  3:52  Factory Tech Lab  
  41  4:00  Supply Depot  
  41  4:01  SCV  
  41  4:02  SCV  
  43  4:05  Marine x2  
  43  4:06  Marine  
  46  4:14  Supply Depot  
  46  4:16  Refinery  
  46  4:21  Marine, Refinery, SCV x2  
  46  4:22  Siege Tank  
  46  4:23  Marine  
  53  4:31  Marine  
  54  4:33  Medivac, SCV  
  53  4:45  SCV x2  
  55  4:47  Marine  
  56  4:54  Marine  
  56  4:55  Marine  
  56  4:57  SCV  
  56  4:58  Siege Tank  
  62  5:01  Supply Depot  
  62  5:03  Supply Depot  
  62  5:06  Supply Depot  
  62  5:18  Supply Depot  
  62  5:19  Marine  
  62  5:23  Medivac, SCV x2  
  65  5:29  Engineering Bay  
  65  5:34  Marine x2  
  65  5:35  SCV x2  
  69  5:37  Siege Tank  
  72  5:47  SCV x2  
  73  6:03  Marine  
  56  6:16  Marine, Medivac, Siege Tank  
  56  6:17  Marine x2  
  64  6:19  SCV x2  
  64  6:20  Marine  
  67  6:26  Barracks  
  67  6:28  Barracks  
  67  6:33  Marine  
  67  6:34  Marine  
  67  6:35  Marine  
  67  6:37  SCV  
  70  6:41  SCV  
  70  6:42  Marine  
  70  6:46  Medivac  
  74  6:49  Siege Tank  
  74  6:51  Marine  
  74  6:52  Marine  
  74  6:53  Marine  
  80  6:57  Supply Depot  
  80  7:00  Marine  
  74  7:09  Marine  
  74  7:14  Marine  
  76  7:15  Marine  
  76  7:16  Marine x2  
  76  7:17  Marine  
  69  7:27  Marine  
Tags
 
Add a new tag
Caveats
  • Supply blocks, unpowered buildings, or Contaminate may cause inaccurate times.
  • Supply counts are checked every 10 seconds.